 Dungeon Crawl Stone Soup version 0.32-a0-799-g95e1662365 (webtiles) character file.

Game seed: 8203374122178918066

247 inmateoo the Apothecary (level 6, -1/41 HPs)
             Began as a Coglin Alchemist on Mar 22, 2024.
             Slain by a phantom (5 damage)
             ... on level 3 of the Dungeon.
             The game lasted 00:07:25 (3503 turns).

inmateoo the Apothecary (Coglin Alchemist)          Turns: 3503, Time: 00:07:26

Health: -1/41      AC:  2    Str:  8    XL:     6   Next: 11%
Magic:  7/10       EV: 12    Int: 16    God:
Gold:   160        SH:  0    Dex: 15    Spells: 0/10 levels left

rFire   . . .        (no weapon)
rCold   . . .        b - +2 hand axe (venom) {Byeongho}
rNeg    . . .        a - +0 robe
rPois   .            (no helmet)
rElec   .            (no cloak)
rCorr   .            (no gloves)
SInv    .            (no boots)
Will    .....        (amulet unavailable)
Stlth   ++           (ring unavailable)
HPRegen 0.26/turn    (ring unavailable)
MPRegen 0.12/turn    (no gizmo)

%: no passive effects
@: invisible, revving
A: off-hand wielding, slow wielding, warmup strikes, no jewellery
a: Invent Gizmo


You were on level 3 of the Dungeon.
You visited 1 branch of the dungeon, and saw 3 of its levels.

You collected 160 gold pieces.

Inventory:

Hand Weapons
 b - a +2 hand axe of venom (offhand) {Byeongho}
Armour
 a - a +0 robe (worn)
Wands
 i - a wand of flame (16)
Scrolls
 d - 3 scrolls of fog
 e - a scroll of noise {unknown}
 g - a scroll of immolation
 h - a scroll of silence {unknown}
 j - a scroll of brand weapon
 m - 2 scrolls of teleportation
Potions
 k - a potion of enlightenment


   Skills:
 + Level 3.0 Dodging
 + Level 2.7 Stealth
 + Level 2.7 Spellcasting
 + Level 2.3 Conjurations
 + Level 4.3 Alchemy


You couldn't memorise any spells.
You knew the following spells:

 Your Spells              Type           Power      Damage    Failure   Level
a - Sting                 Conj/Alch      48%        1d6       4%          1
b - Mercury Vapours       Alch/Air       18%        N/A       12%         2
c - Mephitic Cloud        Conj/Alch/Air  9%         N/A       22%         3
d - Olgreb's Toxic Radia  Alch           16%        N/A       32%         4

Your spell library contained the following spells:

 Spells                   Type           Power      Damage    Failure   Level
 Foxfire                  Conj/Fire      20%        2x1d5     12%         1
 Sticky Flame             Fire/Alch      9%         2d5       61%         4
 Plasma Beam              Fire/Air       1%         2x1d11    100%        6
 Starburst                Conj/Fire      2%         6d3       100%        6


Dungeon Overview and Level Annotations

Branches:
Dungeon (3/15)

Altars:
Ashenzari
Vehumet


Innate Abilities, Weirdness & Mutations

You can wield a second weapon in your off-hand.
It takes a long time for you to wield or remove held weapons.
Your first few attacks do less damage.
You cannot equip rings or amulets.


Message History

Casting: Sting (safe; 4% risk of failure)
Confirm with . or Enter, or press ? or * to list all spells.
Aiming: Mercury Vapours (safe; 12% risk of failure)
Press: ? - help, Dir - move target, f/p - phantom
Aim: a phantom (chance to weaken: 52%) Fumes of mercury billow around the phantom!
Press: ? - help, v - describe, . - travel
Here: a phantom The floor.
The phantom hits you!
The phantom blinks!
You blink.
You barely miss the phantom with your +2 hand axe of venom.
The phantom hits you!
The phantom blinks!
You blink.
The phantom hits you.
The phantom blinks!
You blink.
You hit the phantom with your +2 hand axe of venom.
The phantom is lightly damaged.
The phantom hits you.
You are too injured to fight recklessly!
You are too injured to fight recklessly!
You barely miss the phantom with your +2 hand axe of venom.
The phantom is lightly damaged.
The phantom barely misses you.
You hit the phantom but do no damage.
The phantom is lightly damaged.
The phantom hits you.
You closely miss the phantom with your +2 hand axe of venom.
The phantom is lightly damaged.
The phantom hits you.
* * * LOW HITPOINT WARNING * * *
The phantom blinks!
You blink.
You swing at nothing.
The phantom hits you.
* * * LOW HITPOINT WARNING * * *
The phantom blinks!
You blink.
It was a potion of cancellation.
You feel magically purged. The phantom hits you.
* * * LOW HITPOINT WARNING * * *
The phantom blinks!
You blink.
It was a potion of invisibility.
You fade into invisibility!
The phantom hits you.
You die...

#.......# #........#
#.# #...# ##'######
#........# #.###...#
#÷# #........#
#..##.... #.#
#........# ##.......
#.# #...§...# ###..#..
###'### #.......#
#.>..# ......#
#.......+ ####..
......# #..W....##
#.....
......#######...@....#
#.....
###.........#..<...§.#
#.....
#.........#†.......#
#.....
#.........#.#[...#.#
#.....
###.........#.#.#....#
##....
..'...#######.#.######
#....
###...#######.#..
#.... #
#...........### #....
# #.########### ###'#


You could see a phantom (unable to see you).

Vanquished Creatures
  A bombardier beetle (D:3)
  2 orc priests (D:3)
  4 gnolls (D:3)
  2 adders
  2 dart slugs
  A ribbon worm (D:3)
  5 orcs (D:3)
  11 endoplasms
  A giant cockroach (D:1)
  5 goblins
  3 hobgoblins
  10 jackals
  5 quokkas
  5 ball pythons
  5 bats
  2 frilled lizards
  6 kobolds
  5 rats
75 creatures vanquished.

Notes
Turn   | Place    | Note
-------+----------+-------------------------------------------
     0 | D:1      | inmateoo the Coglin Alchemist began the quest for the Orb.
     0 | D:1      | Reached XP level 1. HP: 13/13 MP: 3/3
    37 | D:1      | Reached skill level 1 in Conjurations
   128 | D:1      | Reached XP level 2. HP: 15/19 MP: 1/4
   206 | D:2      | Learned a level 2 spell: Mercury Vapours
   341 | D:2      | Reached XP level 3. HP: 21/24 MP: 1/6
  1917 | D:2      | Reached XP level 4. HP: 19/30 MP: 3/7
  2330 | D:3      | Found a radiant altar of Vehumet.
  2343 | D:3      | Reached skill level 4 in Alchemy
  2564 | D:3      | Reached XP level 5. HP: 30/35 MP: 5/8
  2633 | D:3      | Found a broken altar of Ashenzari.
  2979 | D:3      | Reached XP level 6. HP: 19/41 MP: 2/10
  3254 | D:3      | Learned a level 3 spell: Mephitic Cloud
  3259 | D:3      | Learned a level 4 spell: Olgreb's Toxic Radiance
  3503 | D:3      | Slain by a phantom

Illustrated notes

Levels and vault maps discovered:
D:1:      onia_arrival_pentagram, layout_basic
D:2:      layout_basic, minivault_24
D:3:      layout_basic, vehumet_altar_wand_db, amcnicky_altar_gilded,
          minmay_misc_feat_room

Skill      XL: |  1  2  3  4  5  6 |
---------------+-------------------+-----
Conjurations   | 1 2 |  2.3
Dodging        | 2 3 |  3.0
Spellcasting   | 2 |  2.7
Stealth        | 2 |  2.7
Alchemy        | 4 |  4.3

Action                     |  1- 3 |  4- 6 || total
---------------------------+-------+-------++-------
  Melee: Unarmed           |    16 |       ||    16
         Punch             |     1 |       ||     1
         Dagger            |    34 |    14 ||    48
         Hand axe          |       |    13 ||    13
   Cast: Sting             |    63 |    66 ||   129
         Mercury Vapours   |       |     5 ||     5
    Use: Scroll            |       |     8 ||     8
         Potion            |       |     5 ||     5
 Armour: Robe              |    49 |    48 ||    97
  Dodge: Dodged            |    48 |    34 ||    82

Table legend: (Time is in decaauts)
 A = Elapsed time spent in this place.
 B = Non-inter-level travel time spent in this place.
 C = Inter-level travel time spent in this place.
 D = Time resting spent in this place.
 E = Time spent auto-exploring this place.
 F = Levels seen in this place.
 G = Mean time per level.
                   A        B        C        D        E       F      G
               +--------+--------+--------+--------+--------+-----+--------+
         Total |   3490 |   3423 |     67 |   1080 |   1546 |   3 | 1163.3 |
       Dungeon |   3490 |   3423 |     67 |   1080 |   1546 |   3 | 1163.3 |
               +--------+--------+--------+--------+--------+-----+--------+

Top non-repeatable levels by time:
     D:3: 1303 daAuts
     D:2: 1167 daAuts
     D:1: 1020 daAuts
